 Dungeon Crawl Stone Soup version 0.29.1-15-g9cfb28693d (webtiles) character file.

Game seed: 13916732564102391834

9088 boopmooplesden the Cleaver (level 11, -16/97 HPs)
             Began as a Minotaur Fighter on Mar 19, 2023.
             Was a High Priest of Okawaru.
             Demolished by an ice devil (23 damage)
             ... on level 9 of the Dungeon.
             The game lasted 00:14:15 (9315 turns).

boopmooplesden the Cleaver (Minotaur Fighter)       Turns: 9315, Time: 00:14:16

Health: -16/97     AC: 17    Str: 32    XL:     11   Next: 18%
Magic:  11/11      EV:  9    Int:  5    God:    Okawaru [*****.]
Gold:   279        SH:  7    Dex:  9    Spells: 10/10 levels left

rFire   . . .      SeeInvis .   a - +0 war axe (spect)
rCold   . . .      Faith    .   c - +2 buckler
rNeg    + + .      Spirit   .   u - +0 plate armour
rPois   +          Reflect  .   (helmet restricted)
rElec   .          Harm     .   C - +1 cloak of Vanity {rPois rN+}
rCorr   .          Rampage  .   (no gloves)
Will    .....                   (no boots)
Stlth   ..........              (no amulet)
HPRegen 0.26/turn               i - +6 ring of strength
MPRegen 0.12/turn               p - ring of positive energy

@: slowed, very slow
A: horns 2, retaliatory headbutt
a: Renounce Religion, Heroism, Finesse, Duel


You were on level 9 of the Dungeon.
You worshipped Okawaru.
Okawaru was extremely pleased with you.
You visited 1 branch of the dungeon, and saw 9 of its levels.

You collected 573 gold pieces.
You spent 294 gold pieces at shops.

Inventory:

Hand Weapons
 a - a +0 spectral war axe (weapon)
Missiles
 l - 11 boomerangs (quivered)
 s - 6 javelins
Armour
 c - a +2 buckler (worn)
 u - a +0 plate armour (worn)
 y - the +4 scale mail of the Shining Light {*Corrode Str+6}
   (Okawaru gifted it to you on level 9 of the Dungeon)

   Str:       It affects your strength (+6).
   *Corrode:  It may corrode you when you take damage.
 C - the +1 cloak of Vanity (worn) {rPois rN+}
   (You bought it in a shop on level 9 of the Dungeon)

   rPois:     It protects you from poison.
   rN:        It protects you from negative energy.
Jewellery
 f - a ring of magical power
 i - a +6 ring of strength (left hand)
 n - an amulet of magic regeneration
 p - a ring of positive energy (right hand)
 z - a ring of magical power
 E - a ring of protection from fire
Wands
 x - a wand of iceblast (10)
 B - a wand of flame (9)
Scrolls
 b - a scroll of enchant armour
 h - 3 scrolls of teleportation
 j - 3 scrolls of amnesia
 q - 2 scrolls of blinking
 D - 2 scrolls of identify
Potions
 d - 4 potions of might
 e - 3 potions of magic
 g - 3 potions of heal wounds
 k - 2 potions of mutation {unknown}
 m - 2 potions of brilliance {unknown}
 o - 5 potions of curing {unknown}
 r - 2 potions of lignification
 t - a potion of ambrosia {unknown}
 v - 3 potions of haste {unknown}
 w - a potion of resistance {unknown}
 A - a potion of berserk rage {unknown}


   Skills:
 + Level 9.3 Fighting
 + Level 13.4 Axes
 + Level 2.0 Throwing
 + Level 10.4 Armour
 + Level 3.6 Dodging
 + Level 2.2 Stealth
 + Level 8.0 Shields
 + Level 1.5 Invocations


You had 10 spell levels left.
You didn't know any spells.
Your spell library contained the following spells:

 Spells                   Type           Power      Damage    Failure   Level
 Apportation              Tloc           0%         N/A       99%         1
 Sandblast                Erth           0%         2d4       99%         1
 Ensorcelled Hibernation  Hex/Ice        0%         N/A       99%         2
 Passwall                 Tmut/Erth      0%         N/A       99%         2
 Poisonous Vapours        Pois/Air       0%         N/A       99%         2
 Portal Projectile        Hex/Tloc       0%         N/A       100%        3
 Spider Form              Tmut/Pois      0%         N/A       100%        3
 Stone Arrow              Conj/Erth      0%         3d7       100%        3
 Anguish                  Hex/Necr       0%         N/A       100%        4
 Corpse Rot               Necr/Pois/Air  0%         N/A       100%        4
 Passage of Golubria      Tloc           0%         N/A       100%        4
 Alistair's Intoxication  Tmut/Pois      0%         N/A       100%        5
 Blade Hands              Tmut           0%         N/A       100%        5
 Yara's Violent Unravell  Hex/Tmut       0%         3d3       100%        5
 Tukima's Dance           Hex            Unusable   N/A       N/A         3

Dungeon Overview and Level Annotations

Branches:
Dungeon (9/15)             Temple (0/1) D:7
   Lair: D:8-11         Orc: D:9-12

Altars:
Dithmenos
Fedhas
Gozag
Okawaru
Trog

Shops:
D:4 =   D:9 *


Innate Abilities, Weirdness & Mutations

You have a pair of horns on your head.
You reflexively headbutt those who attack you in melee.


Message History

You feel as though you will be slow longer.
You slice the freezing wraith!!
You destroy the freezing wraith!
Okawaru accepts your kill.
Your base Shields skill increases to level 8!
You hit the ice devil.
You headbutt the ice devil, but do no damage.
The ice devil is lightly wounded.
The ice devil hits you. The ice devil freezes you!
You barely miss the ice devil. Your headbutt misses the ice devil.
The ice devil is lightly wounded.
The ice devil hits you but does no damage.
You completely miss the ice devil.
You headbutt the ice devil, but do no damage.
The ice devil is lightly wounded.
The ice devil hits you but does no damage.
The ice devil hits you. The ice devil freezes you!
* * * LOW HITPOINT WARNING * * *
You closely miss the ice devil.
The ice devil is lightly wounded.
You feel like a meek peon again. You block the ice devil's attack.
You barely miss the ice devil. You headbutt the ice devil!
The ice devil is moderately wounded.
The ice devil hits you but does no damage.
You closely miss the ice devil.
The ice devil is moderately wounded.
The ice devil hits you but does no damage.
You feel much better. You block the ice devil's attack. x2
You hit the ice devil but do no damage.
The ice devil is moderately wounded.
The ice devil closely misses you.
You barely miss the ice devil.
The ice devil is lightly wounded.
The ice devil hits you. The ice devil freezes you!!
* * * LOW HITPOINT WARNING * * *
The ice devil hits you.
* * * LOW HITPOINT WARNING * * *
The ice devil freezes you!!
You die...

#..# #..# #########..#
######..## ............
.......... ../.....#
########## ........#
........# ........#
........###################
........W4@.....†..........
########5#####.############
#5....#.# # ##''''### #
.....5..# # .......... #
....#~W#5.. # #.4#~~##~..#
# #..~## ~..# #####


You could see an ice devil, a freezing wraith and a white imp.

Vanquished Creatures
  A two-headed ogre (D:9)
  Pikel (D:7)
  Joseph (D:7)
  A freezing wraith (D:9)
  An ice devil (D:9)
  Prince Ribbit (D:9)
  A shadow (D:9)
  16 yaks
  A wyvern (D:7)
  Menkaure (D:7)
  Duvessa (D:7)
  3 water moccasins
  3 orc warriors
  2 sky beasts (D:7)
  An ice beast (D:5)
  2 black bears
  An ogre (D:4)
  2 centaurs
  A lemure (D:7)
  4 phantoms
  5 kobold brigands
  4 necrophages
  A bullfrog (D:7)
  A scorpion (D:6)
  5 wights (D:8)
  Dowan (D:7)
  9 killer bees (D:9)
  2 howler monkeys
  8 orc priests
  2 gnoll boudas
  2 hounds
  A jelly (D:8)
  3 iguanas
  8 orc wizards
  Natasha (twice) (D:3)
  7 adders
  15 gnolls
  A shadow imp (D:5)
  2 white imps (D:9)
  4 ufetubi
  3 worms
  A dart slug (D:2)
  28 orcs
  10 ball pythons
  5 endoplasms
  7 giant cockroaches
  7 goblins
  7 hobgoblins
  37 kobolds
  12 quokkas
  4 bats
  3 frilled lizards (D:1)
  11 rats
263 creatures vanquished.

Vanquished Creatures (others)
  2 fungi (D:1)
2 creatures vanquished.

Grand Total: 265 creatures vanquished

Notes
Turn   | Place    | Note
-------+----------+-------------------------------------------
     0 | D:1      | boopmooplesden the Minotaur Fighter began the quest for the
                  | Orb.
     0 | D:1      | Reached XP level 1. HP: 19/19 MP: 0/0
    82 | D:1      | Reached XP level 2. HP: 23/27 MP: 1/1
   534 | D:1      | Reached XP level 3. HP: 33/33 MP: 2/2
   974 | D:2      | Found a faded altar of an unknown god.
  1214 | D:2      | Reached skill level 3 in Axes
  1215 | D:2      | Reached XP level 4. HP: 30/41 MP: 3/3
  1592 | D:2      | Reached skill level 1 in Dodging
  2163 | D:3      | Reached XP level 5. HP: 36/47 MP: 4/4
  2200 | D:3      | Reached skill level 4 in Axes
  2357 | D:3      | Noticed Natasha
  2368 | D:3      | Killed Natasha
  2478 | D:3      | Found an iron altar of Okawaru.
  2478 | D:3      | Found an opulent altar of Gozag.
  2478 | D:3      | Found a shadowy altar of Dithmenos.
  2499 | D:3      | Became a worshipper of Warmaster Okawaru
  2575 | D:3      | Reached skill level 5 in Fighting
  2741 | D:3      | Reached skill level 5 in Axes
  2746 | D:3      | Reached XP level 6. HP: 47/56 MP: 5/5
  2985 | D:3      | Reached skill level 1 in Stealth
  3044 | D:3      | Noticed Natasha
  3050 | D:3      | Killed Natasha
  3410 | D:4      | Reached * piety under Okawaru
  3411 | D:4      | Reached skill level 5 in Armour
  3601 | D:4      | Found Echirchotz's Jewellery Emporium.
  3603 | D:4      | Reached XP level 7. HP: 61/61 MP: 6/6
  3762 | D:4      | Reached skill level 5 in Shields
  4040 | D:4      | Reached skill level 6 in Axes
  4262 | D:5      | Entered Level 5 of the Dungeon
  4313 | D:5      | Found a bloodstained altar of Trog.
  4745 | D:5      | Reached ** piety under Okawaru
  4746 | D:5      | Reached skill level 7 in Axes
  4746 | D:5      | Reached XP level 8. HP: 58/70 MP: 7/7
  5333 | D:6      | Reached skill level 8 in Axes
  5975 | D:7      | Noticed Joseph
  6125 | D:7      | Noticed Menkaure
  6132 | D:7      | Killed Menkaure
  6354 | D:7      | Killed Joseph
  6354 | D:7      | Reached *** piety under Okawaru
  6355 | D:7      | Reached skill level 9 in Axes
  6355 | D:7      | Reached skill level 1 in Throwing
  6355 | D:7      | Reached XP level 9. HP: 79/79 MP: 8/8
  6388 | D:7      | Noticed Duvessa
  6390 | D:7      | Noticed Dowan
  6391 | D:7      | Received a gift from Okawaru
  6401 | D:7      | Killed Duvessa
  6403 | D:7      | Killed Dowan
  6408 | D:7      | Reached skill level 10 in Axes
  6717 | D:7      | Noticed Pikel
  6726 | D:7      | Killed Pikel
  6726 | D:7      | Reached **** piety under Okawaru
  6727 | D:7      | Reached skill level 11 in Axes
  6816 | D:7      | Found a staircase to the Ecumenical Temple.
  7030 | D:7      | Found a blossoming altar of Fedhas.
  7205 | D:8      | Reached XP level 10. HP: 76/88 MP: 9/9
  7822 | D:8      | Reached skill level 1 in Invocations
  8151 | D:9      | Reached skill level 12 in Axes
  8154 | D:9      | Reached ***** piety under Okawaru
  8489 | D:9      | Identified the +4 scale mail of the Shining Light {*Corrode
                  | Str+6} (Okawaru gifted it to you on level 9 of the Dungeon)
  8489 | D:9      | Received a gift from Okawaru
  8519 | D:9      | Reached skill level 13 in Axes
  8802 | D:9      | Noticed a two-headed ogre
  8808 | D:9      | Killed a two-headed ogre
  8809 | D:9      | Reached skill level 10 in Armour
  8809 | D:9      | Reached XP level 11. HP: 67/97 MP: 8/11
  9044 | D:9      | Found Cuwnoet's Assorted Antiques.
  9049 | D:9      | Bought a transparent cloak for 294 gold pieces
  9049 | D:9      | Identified the +1 cloak of Vanity {rPois rN+} (You bought
                  | it in a shop on level 9 of the Dungeon)
  9260 | D:9      | Noticed Prince Ribbit
  9285 | D:9      | Killed Prince Ribbit
  9315 | D:9      | Demolished by an ice devil

Illustrated notes

Levels and vault maps discovered:
D:1:      dpeg_arrival_prison, layout_basic, grunt_decor_cap,
          nrook_loot_triangle, minivault_5, st_stairs_5, supply_closet_lemuel
D:2:      layout_loops_corners, ebering_ecumenical_altar_petrified,
          minmay_mini_jars
D:3:      layout_loops_ring, gammafunk_temple_overflow_claw, uniq_natasha
D:4:      layout_cave_pods, serial_shops, shop, minivault_19
D:5:      layout_cave_pools, mainiacjoe_overflow_boulevard, minmay_crystal_room
D:6:      layout_basic, nicolae_ossuary_entry_plus
D:7:      layout_cave_pools, mainiacjoe_overflow_cross_hatched,
          minmay_temple_entry_antechambers, minmay_chambers_of_fives,
          uniq_menkaure, uniq_pikel, uniq_duvessa, uniq_joseph
D:8:      layout_basic
D:9:      layout_long_grid, serial_shops, nicolae_shop_hallway_plus,
          hellmonk_guarded_unrand_frostbite, uniq_prince_ribbit1

Skill      XL: |  1  2  3  4  5  6  7  8  9 10 11 |
---------------+----------------------------------+-----
Fighting       | 4 5 7 9 |  9.3
Armour         | 4 5 7 8 10 | 10.4
Shields        | 4 5 6 7 8 |  8.0
Axes           | 3 5 7 9 11 13 | 13.4
Dodging        | 1 2 3 |  3.6
Stealth        | 1 2 |  2.2
Throwing       | 1 2 |  2.0
Invocations    | 1 |  1.5

Action                   |  1- 3 |  4- 6 |  7- 9 | 10-12 || total
-------------------------+-------+-------+-------+-------++-------
Melee: War axe           |    63 |   153 |   193 |   207 ||   616
       Headbutt          |     9 |    14 |    33 |    41 ||    97
Throw: Boomerang         |       |     7 |     3 |     2 ||    12
Invok: Heroism           |       |       |     2 |     5 ||     7
  Use: Scroll            |       |    10 |     6 |     4 ||    20
       Potion            |       |     1 |       |     2 ||     3
 Stab: Distracted        |       |       |     1 |       ||     1
Armor: Scale mail        |    30 |    57 |    31 |       ||   118
       Plate armour      |       |       |    66 |    87 ||   153
Dodge: Dodged            |    38 |    74 |    87 |    66 ||   265
Block: Buckler           |    12 |    42 |    72 |    80 ||   206
